 Dungeon Crawl Stone Soup version 0.25-a0-667-gb977e01cb5 (webtiles) character file.

Game seed: 1788085832001118267, levelgen mode: deterministic

4878 Esekla the Chopper (level 10, 0/91 HPs)
             Began as a Deep Dwarf Abyssal Knight on Mar 27, 2020.
             Was a High Priest of Lugonu.
             Slain by an orc warrior
             ... wielding a +0 war axe
              (14 damage)
             ... on level 9 of the Dungeon.
             The game lasted 01:05:31 (7385 turns).

Esekla the Chopper (Deep Dwarf Abyssal Knight)      Turns: 7385, Time: 01:05:32

Health: 0/91       AC:  9    Str: 16    XL:     10   Next: 26%
Magic:  3/4        EV: 15    Int: 15    God:    Lugonu [*****.]
Gold:   229        SH:  0    Dex: 19    Spells: 7/16 levels left

rFire    + . .     SeeInvis .   J - +0 war axe
rCold    . . .     Gourm    .   (no shield)
rNeg     . . .     Faith    +   p - +2 leather armour {rF+}
rPois    .         Spirit   .   d - +2 helmet
rElec    .         Reflect  .   n - scarf {repulsion}
rCorr    .         Harm     .   (no gloves)
MR       +....                  s - +0 pair of boots
Stlth    ++........             j - amulet of faith
HPRegen  0.00/turn              e - +6 ring of dexterity
MPRegen  0.09/turn              u - +1 ring of slaying

@: lethally poisoned (0 -> 0), non-regenerating, repel missiles
A: damage resistance, heal wounds, sense surroundings 2, no regeneration
a: Heal Wounds, Depart the Abyss, Bend Space, Banish, Corrupt, Enter the Abyss,
Renounce Religion


You were on level 9 of the Dungeon.
You worshipped Lugonu.
Lugonu was extremely pleased with you.
You were hungry.

You visited 2 branches of the dungeon, and saw 10 of its levels.
You visited the Abyss 2 times.
You also visited: Sewer.

You collected 521 gold pieces.
You spent 292 gold pieces at shops.

Inventory:

Hand Weapons
 a - a +1 spear
 w - a +0 dagger of distortion
 J - a +0 war axe (weapon)
Missiles
 t - 38 poisoned darts (quivered)
 x - 9 boomerangs
 I - 4 javelins
Armour
 d - a +2 helmet (worn)
 n - a scarf of repulsion (worn)
 p - a +2 leather armour of fire resistance (worn)
 s - a +0 pair of boots (worn)
Jewellery
 e - a +6 ring of dexterity (left hand)
 j - an amulet of faith (around neck)
 u - a +1 ring of slaying (right hand)
 C - an uncursed amulet of guardian spirit
 H - an uncursed ring of flight
Wands
 m - a wand of clouds (9)
 o - a wand of digging (3)
 K - a wand of disintegration (15)
Scrolls
 b - 2 scrolls of fog {unknown}
 f - 2 scrolls of random uselessness {unknown}
 g - 2 scrolls of immolation {unknown}
 k - 2 scrolls of teleportation
 q - 6 scrolls of remove curse
 r - 2 scrolls of enchant armour {unknown}
 v - a scroll of blinking {unknown}
 y - a scroll of magic mapping {unknown}
 D - a scroll of identify
Potions
 h - 3 potions of haste
 i - 3 potions of might
 l - a potion of curing
 z - a potion of heal wounds
 A - 3 potions of cancellation
 B - 2 potions of lignification
 F - a potion of stabbing {unknown}
 G - a potion of flight {unknown}
Comestibles
 c - 21 rations
 E - 3 chunks of flesh


   Skills:
 + Level 5.8 Fighting
 * Level 6.6(8.0) Axes
 - Level 5.7(6.7) Polearms
 + Level 1.2 Throwing
 + Level 4.0 Armour
 + Level 4.6 Dodging
 + Level 1.9 Stealth
 * Level 3.8 Spellcasting
 * Level 4.0 Conjurations
 * Level 3.7 Hexes
 * Level 6.3 Invocations


You had 7 spell levels left.
You knew the following spells:

 Your Spells              Type           Power        Failure   Level  Hunger
c - Corona                Hex            ##.....      4%          1    None
d - Tukima's Dance        Hex            ##......     14%         3    ###....
e - Searing Ray           Conj           ###...       6%          2    ##.....
f - Dazzling Flash        Conj/Hex       ##....       13%         3    ###....

Your spell library contained the following spells:

 Spells                   Type           Power        Failure   Level  Hunger
 Magic Dart               Conj           ###.         4%          1    None
 Confusing Touch          Hex            ##......     14%         3    ###....
 Ensorcelled Hibernation  Hex/Ice        #.....       16%         2    ##.....
 Sandblast                Erth           #.....       22%         1    None
 Stone Arrow              Conj/Erth      #.....       28%         3    ###....
 Passwall                 Tmut/Erth      #.......     32%         2    ##.....
 Fulminant Prism          Conj/Hex       ##........   41%         4    ####...
 Iskenderun's Mystic Bla  Conj/Tloc      #.......     67%         4    ####...
 Petrify                  Tmut/Erth      #.......     91%         4    ####...
 Lee's Rapid Deconstruct  Erth           #.........   99%         5    ######.


Dungeon Overview and Level Annotations

Branches:
Dungeon (9/15)             Temple (1/1) D:5           Sewer (visited)
   Lair: D:8-11         Orc: D:9-12

Altars:
Dithmenos
Gozag
Hepliaklqana
Kikubaaqudgha
Makhleb
Okawaru
Sif Muna
Vehumet
Wu Jian
Beogh

Shops:
D:5 [   D:6 !


Innate Abilities, Weirdness & Mutations

You are resistant to damage.
You can heal yourself by infusing magical energy.
You passively map the area around you.
You do not regenerate.


Message History

The orc misses you.
The orc warrior hits you with a +0 war axe.
* * * LOW HITPOINT WARNING * * *
You barely miss the orc warrior.
The orc warrior is almost dead.
You hit the orc.
You hit the orc warrior but do no damage.
The orc warrior misses you. The orc barely misses you.
The orc warrior hits you but does no damage.
You slash the orc warrior!
You kill the orc warrior!
Lugonu accepts your kill.
You completely miss the orc warrior. You hit the orc but do no damage.
The orc misses you.
The orc warrior hits you with a +0 war axe!
* * * LOW HITPOINT WARNING * * *
Okay, then.
Space bends around you!
You blink.
The orc warrior hits you with a +0 war axe!
You die...

, , , ,...., ,, , ,
#'## ,, *,, ,
#..#### , , *, ,,
#.....###......# , ,
, #.......##..(..#
,,, ,
#).#.....#.....## ,
**
,,#..###o..##.....#,
,, ,, #..#
##...#.....## , ,
#@o#####†.#......# ,
, ,, ,
#oO#..o...##...... *
, ,
#.§#..o....#...... ,
,,#..#..####.)......
, #..#Oo# ####.....
' ,, #..#..# ,
###... , #..#.o#
##.. , #..#.o#, ,
,#.. , , #..#..# ,
,,,##.


You could see an orc warrior, an ogre and an orc.

Vanquished Creatures
  A troll (D:9)
  4 hippogriffs
  4 hogs
  A human (D:7)
  7 orc warriors
  Purgy (Sewer)
  2 ice beasts
  A sky beast (D:5)
  A phantom (D:9)
  3 ogres
  3 centaurs
  A big kobold (D:9)
  A bullfrog (D:7)
  A gnoll sergeant (D:9)
  A scorpion (D:5)
  A wyvern skeleton (D:8)
  A howler monkey (D:4)
  4 crimson imps
  A bullfrog zombie (D:6)
  A centaur zombie (D:7)
  Crazy Yiuf (D:6)
  An iron imp (Abyss:2)
  3 orc priests
  6 orc wizards
  A bullfrog skeleton (D:4)
  3 hounds
  A jelly (D:9)
  Ijyb (D:3)
  An iguana (D:8)
  9 worker ants
  A hound skeleton (D:6)
  8 gnolls
  11 adders
  3 shadow imps
  3 adder skeletons
  2 worms
  A dart slug (D:5)
  6 leopard geckos
  48 orcs
  8 bats
  5 giant cockroaches
  4 goblins
  6 hobgoblins
  6 jackals
  2 ball pythons
  2 frilled lizards (D:2)
  3 kobolds (D:1)
  A leopard gecko skeleton (D:7)
  5 rats
192 creatures vanquished.

Vanquished Creatures (others)
  4 starspawn tentacles (Abyss:2)
4 creatures vanquished.

Grand Total: 196 creatures vanquished

Notes
Turn   | Place    | Note
-------+----------+-------------------------------------------
     0 | Abyss:1  | Esekla the Deep Dwarf Abyssal Knight began the quest for
                  | the Orb.
     0 | Abyss:1  | Reached XP level 1. HP: 20/20 MP: 2/2
    44 | Abyss:1  | Noticed a small abomination
    57 | D:1      | Escaped the Abyss
   451 | D:2      | Reached XP level 2. HP: 28/28 MP: 4/4
   485 | D:2      | Found a faded altar of an unknown god.
   661 | D:1      | Reached * piety under Lugonu
   974 | D:2      | Reached XP level 3. HP: 30/34 MP: 5/5
  1037 | D:2      | Found a shimmering blue altar of Sif Muna.
  1037 | D:2      | Found an ancient bone altar of Kikubaaqudgha.
  1043 | D:2      | Found a faded altar of an unknown god.
  1049 | D:2      | Found an iron altar of Okawaru.
  1053 | D:2      | Found a burning altar of Makhleb.
  1268 | D:3      | Noticed Ijyb
  1332 | D:3      | Killed Ijyb
  1332 | D:3      | Reached XP level 4. HP: 30/44 MP: 6/6
  2151 | D:4      | Found a glowing drain.
  2166 | Sewer    | Entered a sewer
  2193 | Sewer    | Reached ** piety under Lugonu
  2214 | Sewer    | Noticed Purgy
  2238 | Sewer    | Killed Purgy
  2238 | Sewer    | Reached XP level 5. HP: 36/50 MP: 7/7
  2400 | D:4      | Reached skill level 1 in Stealth
  2512 | D:4      | Reached XP level 6. HP: 37/57 MP: 8/8
  2750 | D:4      | Learned a level 3 spell: Tukima's Dance
  2757 | D:4      | Cast into level 1 of the Abyss (orc wizard)
  2810 | Abyss:1  | Noticed a vampire
  2819 | Abyss:2  | Noticed a wretched star
  2895 | Abyss:2  | Noticed a large abomination
  2895 | Abyss:2  | Noticed a skeletal warrior
  2895 | Abyss:2  | Noticed a worldbinder
  2926 | Abyss:2  | Noticed a tentacled starspawn
  2935 | Abyss:2  | Noticed a glowing orange brain
  2937 | D:4      | Escaped the Abyss
  3044 | D:5      | Entered Level 5 of the Dungeon
  3196 | D:5      | Found a shadowy altar of Dithmenos.
  3268 | D:5      | Reached skill level 1 in Spellcasting
  3268 | D:5      | Reached XP level 7. HP: 25/66 MP: 9/9
  3312 | D:5      | Learned a level 1 spell: Corona
  3316 | D:5      | Learned a level 3 spell: Dazzling Flash
  3335 | D:5      | Found a radiant altar of Vehumet.
  3601 | D:5      | Found Ponuq's Armour Boutique.
  3609 | D:5      | Found a staircase to the Ecumenical Temple.
  3612 | D:5      | Bought a scarf of repulsion for 180 gold pieces
  3634 | D:5      | Reached skill level 5 in Fighting
  3634 | D:5      | Reached skill level 1 in Hexes
  3642 | D:5      | Found an ornate altar of the Wu Jian Council.
  3660 | D:5      | Reached skill level 1 in Conjurations
  3671 | D:5      | Found a hazy altar of Hepliaklqana.
  3919 | Temple   | Entered the Ecumenical Temple
  4053 | D:6      | Reached *** piety under Lugonu
  4212 | D:6      | Reached XP level 8. HP: 29/74 MP: 11/11
  4445 | D:6      | Found Pyimast's Distillery.
  4453 | D:6      | Bought a potion of heal wounds for 70 gold pieces
  4453 | D:6      | Bought a potion of lignification for 42 gold pieces
  4529 | D:6      | Found a runed translucent door.
  4530 | D:6      | Noticed Crazy Yiuf
  4542 | D:6      | Killed Crazy Yiuf
  5053 | D:7      | Noticed a hippogriff
  5085 | D:7      | Killed a hippogriff
  5085 | D:7      | Reached skill level 5 in Polearms
  5144 | D:7      | Noticed a hippogriff
  5219 | D:7      | Killed a hippogriff
  5219 | D:7      | Reached skill level 1 in Throwing
  5439 | D:8      | Gained mutation: You passively map the area around you.
                  | [Deep Dwarf growth]
  5439 | D:8      | Reached XP level 9. HP: 68/81 MP: 10/10
  5505 | D:8      | Reached **** piety under Lugonu
  5817 | D:5      | Learned a level 2 spell: Searing Ray
  6141 | D:7      | Reached skill level 5 in Invocations
  6146 | D:7      | Reached skill level 1 in Axes
  6355 | D:8      | Found a roughly hewn altar of Beogh.
  6376 | D:8      | Found an opulent altar of Gozag.
  6735 | D:8      | Reached skill level 5 in Axes
  7078 | D:9      | Reached ***** piety under Lugonu
  7103 | D:9      | Reached XP level 10. HP: 51/91 MP: 7/7
  7385 | D:9      | Slain by an orc warrior

Levels and vault maps discovered:
D:1:      lightli_arrival_quake, layout_loops_ring
D:2:      layout_rooms, chequers_temple_overflow_minitemple,
          chequers_ecumenical_altar_simple
D:3:      layout_loops_ring, minmay_fractal_squares_gapless_5, uniq_ijyb
D:4:      layout_rooms, gup_sewer_entry_bubbles
D:5:      layout_rooms, kennysheep_little_box, grunt_temple_overflow_open,
          marbit_many_paths, minmay_temple_entry_mist, serial_shops,
          nicolae_shop_statue_plus, first_ration
D:6:      layout_loops_ring, serial_rivers, chequers_serial_rivers_micro_d,
          chequers_serial_rivers_micro_c, chequers_serial_rivers_micro_b,
          chequers_serial_rivers_small_a, chequers_serial_rivers_micro_b,
          chequers_serial_rivers_micro_a, serial_shops, shop,
          uniq_crazy_yiuf_cottage
D:7:      nicolae_whirlpool, layout_basic, nicolae_lava_and_water,
          grunt_livestock
D:8:      layout_rooms, old_standard_altar, special_room [special_room_orc]
D:9:      minmay_quarter_circles, layout_irregular_city, uniq_maggie
Temple:   nicolae_temple_figure_eight

Skill      XL: |  1  2  3  4  5  6  7  8  9 10 |
---------------+-------------------------------+-----
Fighting       | 3 4 5 |  5.8
Polearms       | 2 3 4 5 |  5.7
Dodging        | 2 3 4 |  4.6
Stealth        | 1 |  1.9
Armour         | 3 4 |  4.0
Spellcasting   | 1 2 3 |  3.8
Hexes          | 1 2 3 |  3.7
Conjurations   | 1 2 3 4 |  4.0
Invocations    | 3 4 6 |  6.3
Throwing       | 1 |  1.2
Axes           | 5 6 |  6.6

Action                   |  1- 3 |  4- 6 |  7- 9 | 10-12 || total
-------------------------+-------+-------+-------+-------++-------
Melee: Spear             |   163 |   284 |   431 |       ||   878
       War axe           |       |       |   230 |   100 ||   330
Throw: Dart              |       |    14 |    17 |       ||    31
 Cast: Tukima's Dance    |       |     1 |       |       ||     1
       Corona            |       |       |     3 |       ||     3
Invok: Depart the Abyss  |     1 |     1 |       |       ||     2
       Bend Space        |       |     1 |     5 |     1 ||     7
 Abil: Heal Wounds       |     1 |     3 |    38 |    11 ||    53
Evoke: Phantom mirror    |       |     1 |       |       ||     1
  Use: Potion            |       |     5 |       |       ||     5
       Scroll            |       |     5 |     2 |       ||     7
 Stab: Sleeping          |     1 |     4 |     1 |     1 ||     7
       Distracted        |       |     1 |     1 |       ||     2
  Eat: Chunk             |     1 |     8 |    13 |     1 ||    23
Armor: Leather armour    |    44 |   101 |   212 |    53 ||   410
Dodge: Dodged            |    75 |   163 |   489 |   128 ||   855
       Deflected         |       |       |    11 |       ||    11

Table legend:
 A = Non-vault XP
 B = Vault XP
 C = Vault XP percentage of total XP
 D = Non-vault monster count
 E = Vault monster count
 F = Vault count percentage of total count
                 A         B        C        D         E       F
            +---------+---------+-------+---------+---------+-------
      Total |    3843 |    3126 |  44.9 |     133 |      59 |  30.7
            +---------+---------+-------+---------+---------+-------
        D:1 |      22 |       0 |   0.0 |      13 |       0 |   0.0
        D:2 |      46 |       0 |   0.0 |      11 |       0 |   0.0
        D:3 |      47 |      43 |  47.8 |       3 |       5 |  62.5
        D:4 |     381 |      11 |   2.8 |      20 |       6 |  23.1
        D:5 |     637 |      33 |   4.9 |      19 |       1 |   5.0
        D:6 |     141 |      44 |  23.8 |      12 |       1 |   7.7
        D:7 |    1257 |     921 |  42.3 |      24 |       6 |  20.0
        D:8 |     448 |     825 |  64.8 |      13 |      23 |  63.9
        D:9 |     832 |    1108 |  57.1 |      17 |      11 |  39.3
    Abyss:2 |      32 |       0 |   0.0 |       1 |       0 |   0.0
      Sewer |       0 |     141 | 100.0 |       0 |       6 | 100.0
            +---------+---------+-------+---------+---------+-------
